 Dungeon Crawl Stone Soup version 0.29-a0-338-g1ff7896281 (webtiles) character file.

Game seed: 7860578734427809294

3507 rabbitsville the Thaumaturge (level 9, -4/45 HPs)
             Began as a Deep Elf Fire Elementalist on Apr 18, 2022.
             Was a Follower of Vehumet.
             Shot with a sling bullet by Joseph (16 damage)
             ... on level 8 of the Dungeon.
             The game lasted 00:38:28 (7841 turns).

rabbitsville the Thaumaturge (DEFE)                 Turns: 7841, Time: 00:38:30

Health: -4/45      AC:  8    Str: 11    XL:     9   Next: 81%
Magic:  3/26       EV: 12    Int: 25    God:    Vehumet [*.....]
Gold:   478        SH:  0    Dex: 15    Spells: 24/31 levels left

rFire   . . .      SeeInvis .   u - +4 quarterstaff (chaos)
rCold   . . .      Faith    .   (shield currently unavailable)
rNeg    . . .      Spirit   .   a - +0 robe
rPois   .          Reflect  .   (no helmet)
rElec   .          Harm     .   t - +2 cloak
rCorr   .          Rampage  .   (no gloves)
Will    .....                   B - +2 pair of boots
Stlth   ++........              (no amulet)
HPRegen 0.15/turn               w - ring of wizardry
MPRegen 0.20/turn               D - +6 ring of strength

@: no status effects
A: no striking features
a: Renounce Religion


You were on level 8 of the Dungeon.
You worshipped Vehumet.
Vehumet was aware of your devotion.
You visited 2 branches of the dungeon, and saw 9 of its levels.

You collected 478 gold pieces.

Inventory:

Hand Weapons
 d - a +0 hand axe of electrocution
 s - a +2 mace of draining
 u - a +4 quarterstaff of chaos (weapon)
Missiles
 x - a throwing net
Armour
 a - a +0 robe (worn)
 q - a +0 pair of boots
 t - a +2 cloak (worn)
 B - a +2 pair of boots (worn)
Jewellery
 w - a ring of wizardry (left hand)
 D - a +6 ring of strength (right hand)
Wands
 F - a wand of flame (17)
Scrolls
 c - 4 scrolls of amnesia {unknown}
 e - a scroll of vulnerability {unknown}
 g - a scroll of blinking {unknown}
 h - a scroll of fear {unknown}
 i - a scroll of noise {unknown}
 l - 5 scrolls of identify {unknown}
 n - a scroll of fog {unknown}
 r - a scroll of acquirement {unknown}
 v - a scroll of teleportation {unknown}
 y - a scroll of magic mapping {unknown}
 z - a scroll of enchant armour {unknown}
 E - a scroll of immolation {unknown}
Potions
 b - a potion of magic
 f - 2 potions of mutation {unknown}
 j - 2 potions of brilliance {unknown}
 k - a potion of invisibility {unknown}
 m - a potion of heal wounds
 o - a potion of cancellation {unknown}
 p - 2 potions of degeneration {unknown}
 A - 2 potions of curing
 C - a potion of resistance {unknown}
 G - 2 potions of experience {unknown}
 H - 2 potions of flight {unknown}


   Skills:
 + Level 5.7 Staves
 - Level 2.4 Dodging
 - Level 2.4 Stealth
 * Level 11.9 Spellcasting
 - Level 2.5 Conjurations
 * Level 10.3 Fire Magic


You had 24 spell levels left.
You knew the following spells:

 Your Spells              Type           Power      Damage    Failure   Level
a - Foxfire               Conj/Fire      100%       2x1d9     1%          1
b - Scorch                Fire           100%       2d10      1%          2
c - Flame Wave            Conj/Fire      47%        2d10      1%          4

Your spell library contained the following spells:

 Spells                   Type           Power      Damage    Failure   Level
 Freeze                   Ice            56%        1d7       1%          1
 Slow                     Hex            56%        N/A       1%          1
 Conjure Flame            Conj/Fire      47%        6-21      1%          3
 Inner Flame              Hex/Fire       40%        N/A       1%          3
 Corpse Rot               Necr/Air       28%        N/A       2%          2
 Fireball                 Conj/Fire      23%        3d11      3%          5
 Confusing Touch          Hex            14%        N/A       4%          3
 Vampiric Draining        Necr           14%        2d7       4%          3
 Dispel Undead            Necr           14%        3d10      16%         4
 Starburst                Conj/Fire      23%        6d8       17%         6
 Ignition                 Fire           30%        3d10      80%         8
 Death Channel            Necr           7%         N/A       91%         6


Dungeon Overview and Level Annotations

Branches:
Dungeon (8/15)             Temple (1/1) D:6
   Lair: D:8-11

Altars:
Ashenzari
Cheibriados
Dithmenos
Elyvilon
Fedhas
Gozag
Hepliaklqana
Kikubaaqudgha
Makhleb
Nemelex Xobeh
Okawaru
Qazlal
Ru
Sif Muna
Trog
Uskayaw
Vehumet
Wu Jian
Xom
Yredelemnul
Zin
The Shining One

Annotations:
D:6 exclusions: 2 centaurs and 11 more exclusions
D:8 Joseph


Message History

You finish channelling waves of flame.
You hear a shout! x2; You hear an angry hiss.
Casting: Scorch (safe; 1% risk of failure)
Press: ? - help, Q - select action, (/) - cycle Dir - look around, f - activate Flames lash the orc warrior.
The orc warrior is severely wounded.
The orc warrior's fire resistance burns away.
A goblin comes into view. It is wielding a +0 spear.
Something hits you.
The orc warrior drinks a potion.
The orc warrior is healed!
Casting: Scorch (safe; 1% risk of failure)
Press: ? - help, Q - select action, (/) - cycle Dir - look around, f - activate Flames lash the orc warrior.
The orc warrior is burned terribly!
The orc warrior is heavily wounded.
Something hits you but does no damage.
Casting: Scorch (safe; 1% risk of failure)
Press: ? - help, Q - select action, (/) - cycle Dir - look around, f - activate Flames lash the orc warrior.
The orc warrior is burned terribly!
The orc warrior is severely wounded.
You hear a shout!
Something hits you.
Joseph, a Mercenary comes into view.
He is wielding a +2 quarterstaff of speed.
The orc warrior hits you with a +0 short sword of speed!
* * * LOW HITPOINT WARNING * * *
You hear a howl!
Casting: Scorch (safe; 1% risk of failure)
Press: ? - help, Q - select action, (/) - cycle Dir - look around, f - activate
Okay, then.
Unknown command.
Casting: Flame Wave (dangerous; 1% risk of failure)
Press: ? - help, Q - select action, (/) - cycle Dir - look around, f - activate A wave of flame ripples out!
The flame wave engulfs something.
The flame wave engulfs the orc warrior!
The orc warrior is burned terribly!
You kill the orc warrior!
Vehumet accepts your kill. (Press . to intensify the flame waves.) Joseph unwields a +2 quarterstaff of speed.
Joseph wields a +0 hunting sling.
Joseph shoots a sling bullet.
The sling bullet hits you!
You die...

.) o
######...##..## ...
#..##....'.........
..##.
.....##...##....
.@..
#...###'###.... #..
#...##...##..##
#'###>.).....#####
#.g##.........#
#.))....##...##
#)@##...##...#
#...######....#
#...# #.....# #####
##...## #####


You could see Joseph and a goblin.

Vanquished Creatures
  Grum (D:8)
  Menkaure (D:7)
  A water moccasin (D:7)
  2 ice beasts (D:6)
  2 orc warriors (D:8)
  4 black bears
  2 wolves (D:8)
  3 centaurs
  An ogre (D:6)
  2 phantoms
  2 kobold brigands
  2 bullfrogs
  5 necrophages
  A scorpion (D:5)
  Blork the orc (D:6)
  10 killer bees
  3 hounds
  4 orc priests
  2 jellies
  Crazy Yiuf (D:4)
  A gnoll shaman (D:5)
  2 iguanas
  2 orc wizards
  14 gnolls
  6 adders
  2 white imps
  2 ufetubi
  3 worms
  3 dart slugs
  11 orcs
  6 ball pythons
  2 bats (D:2)
  12 endoplasms
  2 giant cockroaches
  10 goblins
  8 hobgoblins
  2 jackals (D:2)
  3 quokkas (D:1)
  4 frilled lizards
  9 kobolds
  10 rats
164 creatures vanquished.

Vanquished Creatures (others)
  316 foxfires
316 creatures vanquished.

Grand Total: 480 creatures vanquished

Notes
Turn   | Place    | Note
-------+----------+-------------------------------------------
     0 | D:1      | rabbitsville the Deep Elf Fire Elementalist began the quest
                  | for the Orb.
     0 | D:1      | Reached XP level 1. HP: 10/10 MP: 6/6
    15 | D:1      | You fall into a shaft and drop 1 floor!
   371 | D:1      | Reached XP level 2. HP: 15/15 MP: 6/8
   764 | D:1      | Found a faded altar of an unknown god.
   786 | D:1      | Reached XP level 3. HP: 19/19 MP: 8/10
  1240 | D:2      | Reached skill level 4 in Spellcasting
  1995 | D:2      | Learned a level 2 spell: Scorch
  2082 | D:3      | Reached XP level 4. HP: 16/24 MP: 4/12
  3073 | D:4      | Noticed a kobold brigand
  3144 | D:4      | Found a runed translucent door.
  3145 | D:4      | Noticed Crazy Yiuf
  3151 | D:4      | Killed Crazy Yiuf
  3152 | D:4      | Reached skill level 5 in Spellcasting
  3152 | D:4      | Reached XP level 5. HP: 28/28 MP: 6/14
  3222 | D:4      | Noticed a black bear
  3238 | D:4      | Killed a black bear
  3239 | D:4      | Reached skill level 1 in Staves
  3239 | D:4      | Reached skill level 5 in Fire Magic
  3359 | D:4      | Noticed a phantom
  3363 | D:4      | Killed a phantom
  3364 | D:4      | Reached skill level 6 in Spellcasting
  3364 | D:4      | Reached XP level 6. HP: 32/32 MP: 11/17
  3936 | D:4      | Reached XP level 7. HP: 36/36 MP: 14/19
  4120 | D:5      | Entered Level 5 of the Dungeon
  4152 | D:5      | Reached skill level 7 in Spellcasting
  4382 | D:5      | Reached skill level 8 in Spellcasting
  4556 | D:5      | Reached XP level 8. HP: 28/41 MP: 14/22
  4866 | D:6      | Reached skill level 9 in Spellcasting
  5396 | D:6      | Found a staircase to the Ecumenical Temple.
  5409 | Temple   | Entered the Ecumenical Temple
  5570 | Temple   | Became a worshipper of Vehumet
  6242 | D:6      | Noticed Blork the orc
  6257 | D:6      | Killed Blork the orc
  6412 | D:6      | Reached skill level 10 in Spellcasting
  6423 | D:6      | Reached XP level 9. HP: 45/45 MP: 12/25
  6693 | D:7      | Noticed Menkaure
  6699 | D:7      | Killed Menkaure
  6870 | D:7      | Learned a level 4 spell: Flame Wave
  7046 | D:7      | Reached skill level 5 in Staves
  7141 | D:7      | Reached skill level 11 in Spellcasting
  7296 | D:7      | Found an ornate altar of the Wu Jian Council.
  7314 | D:7      | Reached * piety under Vehumet
  7314 | D:7      | Offered knowledge of Freeze by Vehumet.
  7662 | D:8      | Noticed a manticore
  7663 | D:8      | Noticed a skeletal warrior
  7663 | D:8      | Noticed a boulder beetle
  7663 | D:8      | Noticed a centaur warrior
  7672 | D:8      | Noticed a centaur warrior
  7672 | D:8      | Noticed a meliai
  7714 | D:8      | Noticed a troll
  7717 | D:8      | Noticed a cyclops
  7749 | D:8      | Noticed Grum
  7754 | D:8      | Killed Grum
  7755 | D:8      | Reached skill level 10 in Fire Magic
  7840 | D:8      | Noticed Joseph
  7841 | D:8      | Shot with a sling bullet by Joseph

Illustrated notes

Levels and vault maps discovered:
D:1:      minmay_arrival_open_corners, layout_basic,
          dreamdust_ecumenical_altar_angels_and_demons
D:2:      layout_basic, patterned_corridor
D:3:      layout_loops_cross
D:4:      layout_rooms, kennysheep_boxes, uniq_crazy_yiuf_cottage
D:5:      layout_gridville
D:6:      layout_basic, minmay_temple_entry_arrows, serial_corexii_hall,
          corexii_hall_statues_l, corexii_hall_statues_x, centaur_isle,
          uniq_blork_the_orc
D:7:      layout_rooms, lemuel_doored_altar, uniq_menkaure
D:8:      layout_gridville, ebering_ghost_funeral_grove, serial_shops,
          nicolae_lakefront_shop, enter_bailey_5, minivault_12, uniq_joseph,
          uniq_grum
Temple:   mainiacjoe_temple_starburst

Skill      XL: |  1  2  3  4  5  6  7  8  9 |
---------------+----------------------------+-----
Spellcasting   | 4 5 6 8 10 11 | 11.9
Fire Magic     | 4 5 6 7 8 10 | 10.3
Conjurations   | 2 |  2.5
Staves         | 1 2 3 4 5 |  5.7
Dodging        | |  2.4
Stealth        | |  2.4

Action                   |  1- 3 |  4- 6 |  7- 9 || total
-------------------------+-------+-------+-------++-------
Melee: Unarmed           |     1 |       |       ||     1
       Mace              |     9 |       |       ||     9
       Hand axe          |     3 |       |       ||     3
       Quarterstaff      |       |       |     7 ||     7
Throw: Throwing net      |       |       |     3 ||     3
 Cast: Foxfire           |    56 |    31 |    95 ||   182
       Scorch            |     6 |    30 |    65 ||   101
       Flame Wave        |       |       |     8 ||     8
  Use: Potion            |       |       |     2 ||     2
Armor: Robe              |     4 |     1 |    18 ||    23
Dodge: Dodged            |    25 |     6 |    24 ||    55

Table legend: (Time is in decaauts)
 A = Elapsed time spent in this place.
 B = Non-inter-level travel time spent in this place.
 C = Inter-level travel time spent in this place.
 D = Time resting spent in this place.
 E = Time spent auto-exploring this place.
 F = Levels seen in this place.
 G = Mean time per level.
                   A        B        C        D        E       F      G
               +--------+--------+--------+--------+--------+-----+--------+
         Total |   7844 |   7614 |    230 |   1207 |   4522 |   9 |  871.6 |
       Dungeon |   7310 |   7151 |    159 |   1207 |   4091 |   8 |  913.8 |
        Temple |    533 |    462 |     71 |      0 |    431 |   1 |  533.0 |
               +--------+--------+--------+--------+--------+-----+--------+

Top non-repeatable levels by time:
     D:6: 1362 daAuts
     D:1: 1205 daAuts
     D:3: 1061 daAuts
     D:4: 1047 daAuts
     D:2: 807 daAuts
     D:7: 802 daAuts
     D:5: 738 daAuts
  Temple: 533 daAuts
     D:8: 283 daAuts
